 Dungeon Crawl Stone Soup version 0.31.0-9-g3a7656b989 (webtiles) character file.

Game seed: 3205649173516835853

11 CaptainMV the Magician (level 2, 0/19 HPs)
             Began as a Demonspawn Wanderer on Feb 2, 2024.
             Slain by a hobgoblin (2 damage)
             ... on level 1 of the Dungeon.
             The game lasted 00:03:58 (149 turns).

CaptainMV the Magician (Demonspawn Wanderer)         Turns: 149, Time: 00:03:58

Health: 0/19       AC:  4    Str: 13    XL:     2   Next: 17%
Magic:  0/6        EV: 12    Int: 14    God:
Gold:   0          SH:  0    Dex:  9    Spells: 6/7 levels left

rFire   . . .        (no weapon)
rCold   . . .        (no shield)
rNeg    . . .        c - +0 robe
rPois   .            (no helmet)
rElec   .            (no cloak)
rCorr   .            (no gloves)
SInv    .            (no boots)
Will    .....        (no amulet)
Stlth   +            e - +4 ring of slaying
HPRegen 0.23/turn    (no ring)
MPRegen 0.10/turn

%: no passive effects
@: very slightly contaminated
A: icy blue scales 1
a: no special abilities


You were on level 1 of the Dungeon.
You visited 1 branch of the dungeon, and saw 1 of its levels.

Inventory:

Hand Weapons
 a - a +0 club
Missiles
 f - 6 poisoned darts
Armour
 c - a +0 robe (worn)
Jewellery
 e - a +4 ring of slaying (left hand)
Wands
 d - a wand of polymorph (6) (quivered)


   Skills:
 + Level 0.2 Fighting
 + Level 1.9 Dodging
 + Level 0.1 Unarmed Combat
 + Level 3.2 Spellcasting
 + Level 1.0 Air Magic
 + Level 3.1 Evocations


You had 6 spell levels left.
You knew the following spells:

 Your Spells              Type           Power      Damage    Failure   Level
a - Necrotise             Necr           8%         1d4       22%         1

Your spell library contained the following spells:

 Spells                   Type           Power      Damage    Failure   Level
 Freeze                   Ice            8%         1d3       22%         1
 Mercury Vapours          Alch/Air       6%         N/A       26%         2
 Static Discharge         Conj/Air       6%         3-4/arc   26%         2
 Searing Ray              Conj           4%         2d4       32%         2
 Vampiric Draining        Necr           2%         2d6       54%         3


Dungeon Overview and Level Annotations

Branches:
Dungeon (1/15)

Altars:


Innate Abilities, Weirdness & Mutations

You are partially covered in icy blue scales. (AC +2)


Message History

You hit the jackal.
You kill the jackal!
Aiming: Polymorph
Press: ? - help, Q - select action, (/) - cycle Shift-Dir - straight line, f - jackal
Aim: a jackal (will become an endoplasm, a giant cockroach, or a dart slug, chance to affect: 73%)
The jackal evaporates and reforms as a giant cockroach!
The giant cockroach misses you.
You hit the giant cockroach.
The giant cockroach is heavily wounded.
The giant cockroach barely misses you.
You completely miss the giant cockroach.
The giant cockroach is heavily wounded.
The giant cockroach completely misses you.
You hit the giant cockroach.
You kill the giant cockroach!
The jackal returns to its original shape as it dies.
You closely miss the hobgoblin. The hobgoblin closely misses you.
You barely miss the hobgoblin.
The hobgoblin hits you but does no damage.
You closely miss the hobgoblin. The hobgoblin barely misses you.
You hit the hobgoblin.
The hobgoblin is almost dead.
The hobgoblin hits you.
* * * LOW HITPOINT WARNING * * *
Casting: Necrotise (safe; 22% risk of failure)
Confirm with . or Enter, or press ? or * to list all spells.
Aiming: Necrotise (safe; 22% risk of failure)
Press: ? - help, Shift-Dir - straight line, f - hobgoblin
Aim: a hobgoblin (almost dead, chance to affect: 58%)
You miscast Necrotise.
You are very lightly contaminated with residual magic.
Nothing appears to happen.
The hobgoblin misses you.
Casting: Necrotise (safe; 22% risk of failure)
Confirm with . or Enter, or press ? or * to list all spells.
Aiming: Necrotise (safe; 22% risk of failure)
Press: ? - help, Shift-Dir - straight line, f/p - hobgoblin
Aim: a hobgoblin (almost dead, chance to affect: 58%)
The hobgoblin resists with significant effort.
The hobgoblin hits you.
You die... .#.........# #... ###.##.###.# #.. # ##.#.###.# #.. ##......# #hg

##...##..#
#h# #
#.#####..##
#.# # ###
#...# #.#
#.#.######.#
######
#.......@gh#
~.#~.##
#.#.########
~~~~.~###.#.#
..~~##..#.#.#
.P...~..#..).
.P..~..~# #.#
.....≈..# ...
.~.P....# ..#
....~P..#


You could see a jackal and a hobgoblin.

Vanquished Creatures
  An endoplasm (D:1)
  A giant cockroach (D:1)
  A goblin (D:1)
  A hobgoblin (D:1)
  2 jackals (D:1)
  A ball python (D:1)
  A frilled lizard (D:1)
  A kobold (D:1)
  A rat (D:1)
10 creatures vanquished.

Vanquished Creatures (collateral kills)
  A rat (D:1)
1 creature vanquished.

Grand Total: 11 creatures vanquished

Notes
Turn   | Place    | Note
-------+----------+-------------------------------------------
     0 | D:1      | CaptainMV the Demonspawn Wanderer began the quest for the
                  | Orb.
     0 | D:1      | CaptainMV set off with the following items: a +0 club, a
                  | scroll of fear, a +0 robe, a wand of polymorph (7); and the
                  | following spells available to memorise: Freeze, Necrotise,
                  | Mercury Vapours, Static Discharge, Searing Ray, Vampiric
                  | Draining.
     0 | D:1      | Reached XP level 1. HP: 13/13 MP: 4/4
     2 | D:1      | Learned a level 1 spell: Necrotise
   132 | D:1      | Gained mutation: You are partially covered in icy blue
                  | scales. (AC +2) [demonic ancestry]
   132 | D:1      | Reached XP level 2. HP: 8/19 MP: 0/6
   149 | D:1      | Slain by a hobgoblin

Illustrated notes

Levels and vault maps discovered:
D:1:      lemuel_arrival_muddy, layout_loops_ring,
          dreamdust_ecumenical_altar_grove

Action                     || total
---------------------------++-------
  Melee: Unarmed           ||    30
   Cast: Necrotise         ||    11
  Evoke: Wand              ||     1
    Use: Scroll            ||     1
 Armour: Robe              ||    19
  Dodge: Dodged            ||    32
